 Dungeon Crawl Stone Soup version 0.29.0-15-g675c0067aa (webtiles) character file.

Game seed: 7584790079363264374

490 qw the Chopper (level 7, -2/43 HPs)
             Began as a Gargoyle Fighter on Sept 11, 2022.
             Killed by divine providence
             ... invoked by an orc priest
              (13 damage)
             ... on level 4 of the Dungeon.
             The game lasted 00:01:17 (3636 turns).

qw the Chopper (Gargoyle Fighter)                   Turns: 3636, Time: 00:01:17

Health: -2/43      AC: 15    Str: 21    XL:     7   Next: 14%
Magic:  7/7        EV:  7    Int:  9    God:
Gold:   222        SH:  4    Dex:  9    Spells: 6/6 levels left

rFire   . . .      SeeInvis .   Y - +2 war axe
rCold   . . .      Faith    .   c - +0 buckler
rNeg    + . .      Spirit   .   o - +0 chain mail
rPois   inf        Reflect  .   (no helmet)
rElec   +          Harm     .   (no cloak)
rCorr   .          Rampage  .   (no gloves)
Will    .....                   k - +0 pair of boots
Stlth   ..........              (no amulet)
HPRegen 0.14/turn               (no ring)
MPRegen 0.10/turn               (no ring)

@: no status effects
A: sickness immunity, AC +4, negative energy resistance 1, electricity
resistance, torment resistance 1, petrification resistance
a: no special abilities


You were on level 4 of the Dungeon.
You visited 1 branch of the dungeon, and saw 4 of its levels.

You collected 222 gold pieces.


Innate Abilities, Weirdness & Mutations

You are immune to sickness and miasma.
Your stone body is resilient. (AC +4)
You are immune to poison.
You resist negative energy. (rN+)
You are resistant to electric shocks. (rElec)
You are resistant to unholy torment.
You are immune to petrification.


   Skills:
 - Level 4.2 Fighting
 + Level 6.0 Axes
 - Level 1.4 Throwing
 - Level 3.2 Armour
 - Level 1.0 Dodging
 - Level 3.2 Shields


You had 6 spell levels left.
You didn't know any spells.
Your spell library was empty.

Inventory:

Hand Weapons
 m - a +0 flail
 Y - a +2 war axe (weapon)
Armour
 c - a +0 buckler (worn)
 k - a +0 pair of boots (worn)
 o - a +0 chain mail (worn)
Jewellery
 h - a ring of ice
 l - an amulet of regeneration
Scrolls
 g - a scroll of teleportation
 j - 3 scrolls of identify
Potions
 a - a potion of lignification
 b - a potion of attraction {unknown}
 d - a potion of might
 f - 2 potions of curing
 i - a potion of haste {unknown}
 p - a potion of berserk rage {unknown}
 q - a potion of mutation {unknown}

Dungeon Overview and Level Annotations

Branches:
Dungeon (4/15)
 Temple: D:4-7

Altars:
Qazlal
Ru
Yredelemnul

Shops:
D:2 (


Message History

Beogh smites you! The orc misses you. The orc hits you with a +0 morningstar.
The orc priest looks braver for a moment.
You hit the orc.
You kill the orc!
You hit the orc.
The orc is heavily wounded.
The orc barely misses you.
You hit the orc.
The orc is heavily wounded.
The orc hits you with a +0 flail.
You completely miss the orc.
The orc is heavily wounded.
The orc hits you with a +0 flail. The orc closely misses you.
You hit the orc.
You kill the orc!
You hit the orc.
The orc is lightly wounded.
The orc hits you but does no damage.
The orc priest casts a cantrip, but nothing happens.
You closely miss the orc.
The orc is lightly wounded.
The orc hits you but does no damage.
You slash the orc!
You kill the orc!
The orc priest closely misses you.
You hit the orc priest but do no damage.
The orc priest completely misses you.
You slash the orc priest!
The orc priest is heavily wounded.
The orc priest closely misses you.
You barely miss the orc priest.
The orc priest is heavily wounded.
The orc priest mumbles some strange prayers to Beogh against you.
Beogh smites you!
You hit the orc priest.
The orc priest is severely wounded.
The orc priest barely misses you.
The orc priest calls down the wrath of Beogh upon you.
Beogh smites you!
You die...

##...........# #.#
##...........##. +
#.#
####........##(. #
.# #.#
...#.######## .$
#... #.# ...#.#
###### .#.#$ ##.#
...#.#
##....##.($. #..#
...#.###......##g.
#.##
...#.##..#..#..#o#
#.#
####..'.).##...#@#
#.# #
#..'...##...#.#
#.# #
#.##..#..#..'.#
#.# #
#.###......##.#
#.# # #.#
##....###.# #.# ##
#.# ###### #.# #.#
.###.# #+# ##.#
..##.# #..#
..##.## #.##


You could see an orc priest and a hobgoblin.

Vanquished Creatures
  Sigmund (D:4)
  An ogre (D:4)
  A hound (D:4)
  Jessica (D:3)
  3 gnolls (D:2)
  8 adders
  2 worms
  3 dart slugs
  3 orcs (D:4)
  10 ball pythons
  5 bats
  4 endoplasms
  4 giant cockroaches
  8 goblins
  6 hobgoblins
  A jackal (D:4)
  2 quokkas
  2 frilled lizards
  4 kobolds
  11 rats
80 creatures vanquished.

Notes
Turn   | Place    | Note
-------+----------+-------------------------------------------
     0 | D:1      | qw the Gargoyle Fighter began the quest for the Orb.
     0 | D:1      | Reached XP level 1. HP: 14/14 MP: 1/1
     0 | D:1      | 0 ||| qw: Version: 0.1-a-119-g272c26d
     0 | D:1      | 0 ||| qw: Game counter: 10708
     0 | D:1      | 0 ||| qw: Always use a shield: true
     0 | D:1      | 0 ||| qw: God list: Okawaru
     0 | D:1      | 0 ||| qw: Allow faded altars: false
     0 | D:1      | 0 ||| qw: Do Orc after D:15 true
     0 | D:1      | 0 ||| qw: Do second Lair branch before Depths: true
     0 | D:1      | 0 ||| qw: Lair rune preference: random
     0 | D:1      | 0 ||| qw: Plans: Normal, Zot, God:TSO, Crypt, Tomb, Pan,
                  | Slime, Hells, Zig, Abyss, Orb
     0 | D:1      | 0 ||| PLANNING D:1-11
   185 | D:1      | Reached skill level 2 in Axes
   286 | D:1      | 286 ||| Stepping ~*~*~tactically~*~*~ (hiding).
   290 | D:1      | 290 ||| Stepping ~*~*~tactically~*~*~ (hiding).
   292 | D:1      | 292 ||| Stepping ~*~*~tactically~*~*~ (hiding).
   302 | D:1      | Reached XP level 2. HP: 19/19 MP: 2/2
   462 | D:1      | 462 ||| DROPPING +0 club.
   482 | D:1      | 482 ||| Stepping ~*~*~tactically~*~*~ (stealth).
   486 | D:1      | 486 ||| Stepping ~*~*~tactically~*~*~ (stealth).
   491 | D:1      | Reached skill level 3 in Axes
   780 | D:1      | Reached XP level 3. HP: 19/23 MP: 3/3
   969 | D:1      | 969 ||| READING scroll labelled SEQEOHUELA.
   970 | D:1      | 970 ||| READING 2 scrolls labelled PESSUTAIGRI.
   974 | D:1      | 974 ||| READING 2 scrolls labelled WAKAMM VIURE.
   975 | D:1      | 975 ||| READING scroll of enchant weapon.
   975 | D:1      | 975 ||| ENCHANTING +1 war axe.
   976 | D:1      | 976 ||| READING 3 scrolls labelled ERIOGE WYUCOCH.
   977 | D:1      | 977 ||| READING scroll labelled GAMISHR EVAULOE.
   978 | D:1      | 978 ||| DRINKING 2 inky potions.
   979 | D:1      | 979 ||| DROPPING 2 scrolls of butterflies.
  1018 | D:2      | Found Imoa's Antique Weapon Shop.
  1027 | D:2      | 1027 ||| SHOPLISTING flail (80 gold, have 25).
  1386 | D:2      | Reached XP level 4. HP: 28/28 MP: 4/4
  1429 | D:2      | 1429 ||| Stepping ~*~*~tactically~*~*~ (stealth).
  1436 | D:2      | Reached skill level 4 in Axes
  1438 | D:2      | 1438 ||| DROPPING +0 whip.
  2129 | D:2      | 2129 ||| UPGRADING to +0 pair of boots.
  2134 | D:2      | 2134 ||| READING scroll labelled UHASUB ODGHIRANI.
  2135 | D:2      | 2135 ||| READING scroll labelled POFREE NESADD.
  2136 | D:2      | 2136 ||| READING scroll labelled KENUDD PUOVO.
  2137 | D:2      | 2137 ||| DRINKING 2 fuming silvery potions.
  2172 | D:2      | 2172 ||| DRINKING 2 metallic black potions.
  2173 | D:2      | 2173 ||| DROPPING potion of invisibility.
  2194 | D:3      | Found a basalt altar of Yredelemnul.
  2289 | D:3      | Reached XP level 5. HP: 32/32 MP: 5/5
  2382 | D:3      | Found the +0 staff of Battle
  2424 | D:3      | Found a faded altar of an unknown god.
  2515 | D:3      | Noticed Jessica
  2516 | D:3      | 2516 ||| Stepping ~*~*~tactically~*~*~ (stealth).
  2521 | D:3      | Killed Jessica
  2522 | D:3      | Reached skill level 1 in Throwing
  2718 | D:3      | 2718 ||| UPGRADING to +0 chain mail.
  2728 | D:3      | 2728 ||| DROPPING +0 scale mail.
  2729 | D:3      | 2729 ||| READING 3 scrolls labelled PIFUG GYISENLE.
  2730 | D:3      | 2730 ||| DRINKING 2 sedimented ruby potions.
  2731 | D:3      | 2731 ||| DRINKING 2 blue potions.
  2732 | D:3      | 2732 ||| READING 3 scrolls of identify.
  2732 | D:3      | 2732 ||| IDENTIFYING fuming pink potion
  2733 | D:3      | 2733 ||| READING 2 scrolls of identify.
  2733 | D:3      | 2733 ||| IDENTIFYING bubbling green potion
  2734 | D:3      | 2734 ||| DROPPING potion of brilliance.
  2735 | D:3      | 2735 ||| DROPPING 2 scrolls of fear.
  2736 | D:3      | 2736 ||| DROPPING potion of magic.
  2737 | D:3      | 2737 ||| DROPPING potion of flight.
  2786 | D:4      | Found a stormy altar of Qazlal.
  2882 | D:4      | Found a sacrificial altar of Ru.
  2965 | D:4      | Noticed Sigmund
  2973 | D:4      | 2973 ||| DRINKING 2 potions of curing.
  2973 | D:4      | 2973 ||| (to cure confusion)
  2981 | D:4      | Killed Sigmund
  2982 | D:4      | Reached skill level 6 in Axes
  2982 | D:4      | Reached XP level 6. HP: 17/37 MP: 6/6
  3175 | D:4      | HP: 4/37 [ogre/+0 giant club (22)]
  3176 | D:4      | 3176 ||| READING 2 scrolls of teleportation.
  3177 | D:4      | 3177 ||| DRINKING potion of heal wounds.
  3321 | D:4      | Reached XP level 7. HP: 43/43 MP: 7/7
  3549 | D:4      | 3549 ||| Stepping ~*~*~tactically~*~*~ (stealth).
  3551 | D:4      | 3551 ||| Stepping ~*~*~tactically~*~*~ (stealth).
  3561 | D:4      | Reached skill level 1 in Dodging
  3636 | D:4      | Killed from afar by an orc priest

Levels and vault maps discovered:
D:1:      dpeg_arrival_concentric_ovals, layout_basic, minivault_14
D:2:      layout_loops_corners, serial_shops, nicolae_square_shop
D:3:      layout_rooms, mainiacjoe_overflow_small_starburst,
          shapermc_ecumenical_altar_mp_highgroup, uniq_jessica
D:4:      minmay_polygon_palace, layout_basic, grunt_qazlal_sundering,
          nicolae_ru_awakened_eye, uniq_sigmund

Skill      XL: |  1  2  3  4  5  6  7 |
---------------+----------------------+-----
Axes           | 2 3 4 6 |  6.0
Throwing       | 1 |  1.4
Fighting       | 4 |  4.2
Dodging        | 1 |  1.0
Armour         | |  3.2
Shields        | |  3.2

Action                   |  1- 3 |  4- 6 |  7- 9 || total
-------------------------+-------+-------+-------++-------
Melee: War axe           |    69 |   102 |    29 ||   200
Throw: Javelin           |       |     7 |     5 ||    12
  Use: Scroll            |     6 |     7 |       ||    13
       Potion            |     1 |     6 |       ||     7
Armor: Scale mail        |    32 |    18 |       ||    50
       Chain mail        |       |    20 |     7 ||    27
Dodge: Dodged            |    34 |    21 |    15 ||    70
Block: Buckler           |    14 |    13 |     3 ||    30

Table legend:
 A = Non-vault XP
 B = Vault XP
 C = Vault XP percentage of total XP
 D = Non-vault monster count
 E = Vault monster count
 F = Vault count percentage of total count
                 A         B        C        D         E       F
            +---------+---------+-------+---------+---------+-------
      Total |     422 |     279 |  39.8 |      72 |       8 |  10.0
            +---------+---------+-------+---------+---------+-------
        D:1 |      34 |       0 |   0.0 |      19 |       0 |   0.0
        D:2 |     115 |       0 |   0.0 |      24 |       0 |   0.0
        D:3 |      39 |      37 |  48.7 |      16 |       1 |   5.9
        D:4 |     234 |     242 |  50.8 |      13 |       7 |  35.0
            +---------+---------+-------+---------+---------+-------
